12 | 0:01 | Probe (Chrono Boost) | |
13 | 0:11 | Probe (Chrono Boost) | |
14 | 0:20 | Pylon | |
14 | 0:22 | Probe (Chrono Boost) | |
15 | 0:38 | Probe (Chrono Boost) | |
16 | 0:47 | Assimilator | |
16 | 0:49 | Probe (Chrono Boost) | |
17 | 0:50 | Gateway | |
17 | 0:59 | Pylon | |
17 | 1:00 | Probe (Chrono Boost) | |
18 | 1:29 | Gateway | |
18 | 1:33 | Assimilator | |
18 | 1:36 | Zealot | |
18 | 1:39 | Cybernetics Core | |
20 | 2:00 | Zealot | |
22 | 2:08 | Warp Gate | |
22 | 2:13 | Pylon | |
22 | 2:15 | Zealot | |
24 | 2:28 | Adept | |
27 | 2:31 | Probe (Chrono Boost) | |
27 | 2:41 | Stalker | |
27 | 2:43 | Probe (Chrono Boost) | |
30 | 2:47 | Pylon | |
30 | 2:54 | Stalker, Probe (Chrono Boost) | |
33 | 3:03 | Forge | |
34 | 3:06 | Probe (Chrono Boost) | |
34 | 3:18 | Probe (Chrono Boost) | |
35 | 3:29 | Probe (Chrono Boost) | |
36 | 5:07 | Sentry | |
36 | 5:08 | Probe (Chrono Boost), Photon Cannon | |
39 | 5:14 | Nexus, Pylon | |
39 | 5:17 | Photon Cannon | |
39 | 5:20 | Robotics Facility, Stalker | |
41 | 5:23 | Stargate | |
41 | 5:27 | Twilight Council | |
41 | 5:31 | Gateway | |
41 | 5:34 | Stalker, Probe (Chrono Boost) | |
44 | 5:41 | Pylon | |
44 | 5:48 | Stalker | |
46 | 5:53 | Forge | |
46 | 6:01 | Sentry | |
36 | 6:07 | Observer | |
37 | 6:15 | Adept | |
38 | 6:27 | Observer | |
38 | 6:28 | Stalker, Probe (Chrono Boost) | |
38 | 6:29 | Probe (Chrono Boost) | |
43 | 6:39 | Probe (Chrono Boost) | |
44 | 6:41 | Probe (Chrono Boost) | |
44 | 6:42 | Zealot | |
44 | 6:46 | Pylon | |
47 | 6:50 | Probe (Chrono Boost) | |
47 | 6:52 | Probe (Chrono Boost) | |
49 | 6:56 | Zealot | |
49 | 6:58 | Pylon | |
52 | 7:01 | Probe (Chrono Boost) | |
52 | 7:03 | Probe (Chrono Boost) | |
53 | 7:09 | Stalker | |
53 | 7:12 | Probe (Chrono Boost) | |
53 | 7:14 | Probe (Chrono Boost) | |
57 | 7:20 | Photon Cannon | |
57 | 7:22 | Photon Cannon | |
58 | 7:23 | Adept, Probe (Chrono Boost) | |
58 | 7:25 | Probe (Chrono Boost) | |
61 | 7:34 | Probe (Chrono Boost) | |
61 | 7:36 | Probe (Chrono Boost) | |
63 | 7:45 | Probe (Chrono Boost) | |
63 | 7:47 | Probe (Chrono Boost) | |
65 | 7:56 | Probe (Chrono Boost) | |
65 | 7:57 | Probe (Chrono Boost) | |
67 | 8:06 | Probe (Chrono Boost) | |
67 | 8:12 | Assimilator | |
68 | 8:18 | Assimilator | |
68 | 8:40 | Probe (Chrono Boost) | |
69 | 8:43 | Probe (Chrono Boost) | |
70 | 9:36 | Protoss Ground Armor Level 1 | |
70 | 9:38 | Protoss Ground Weapons Level 1 | |
70 | 9:40 | Warp Prism | |
72 | 9:45 | Stalker | |
72 | 9:49 | Gateway | |
74 | 9:55 | Nexus, Robotics Bay | |
74 | 9:58 | Pylon | |
74 | 10:01 | Dark Shrine | |
74 | 10:12 | Warp Prism | |
74 | 10:37 | Stalker | |
74 | 10:41 | Observer Gravitic Boosters | |
62 | 10:48 | Observer, Zealot | |
59 | 10:58 | Sentry | |
61 | 11:08 | Probe (Chrono Boost) | |
61 | 11:09 | Stalker | |
65 | 11:12 | Probe (Chrono Boost) | |
65 | 11:14 | Probe (Chrono Boost) | |
65 | 11:16 | Assimilator | |
67 | 11:20 | Stalker, Probe (Chrono Boost) | |
67 | 11:21 | Assimilator | |
67 | 11:24 | Probe (Chrono Boost) | |
71 | 11:26 | Probe (Chrono Boost) | |
71 | 11:30 | Probe (Chrono Boost) | |
71 | 11:31 | Stalker, Observer | |
74 | 11:33 | Gravitic Drive | |
74 | 11:35 | Probe (Chrono Boost) | |
75 | 11:41 | Stalker | |
77 | 11:47 | Disruptor | |
80 | 12:18 | Disruptor | |
83 | 13:37 | Protoss Ground Armor Level 2 | |
83 | 13:41 | Protoss Ground Weapons Level 2 | |
83 | 13:43 | Protoss Air Weapons Level 1 | |
83 | 13:44 | Blink | |
83 | 13:47 | Zealot | |
85 | 13:51 | Pylon | |
85 | 13:53 | Zealot | |
87 | 14:00 | Sentry | |
89 | 14:06 | Adept | |
91 | 14:12 | Immortal | |
91 | 14:15 | Fleet Beacon | |
93 | 14:17 | Stargate | |
93 | 14:19 | Stalker | |
93 | 14:22 | Robotics Facility, Nexus | |
77 | 14:25 | Templar Archives | |
77 | 14:26 | Stalker | |
75 | 14:32 | Sentry | |
77 | 14:38 | Stalker | |
77 | 14:45 | Stalker | |
81 | 14:50 | Observer | |
81 | 14:51 | Zealot | |
84 | 14:59 | Tempest | |
84 | 15:06 | Disruptor | |
88 | 15:11 | Observer | |
92 | 15:24 | Protoss Air Armor Level 1 | |
92 | 15:29 | Disruptor | |
95 | 15:38 | Protoss Ground Armor Level 3 | |
95 | 15:39 | Protoss Shields Level 1 | |
95 | 15:47 | Assimilator | |
95 | 15:50 | Pylon | |
95 | 15:52 | Pylon | |
95 | 15:53 | Assimilator | |
95 | 15:59 | Observer | |
95 | 16:11 | Photon Cannon | |
95 | 16:13 | Photon Cannon | |
95 | 17:04 | Protoss Air Weapons Level 2 | |
95 | 17:16 | Void Ray | |
95 | 17:21 | Protoss Ground Weapons Level 3 | |
99 | 17:25 | Zealot | |
99 | 17:29 | Immortal, Zealot | |
103 | 17:32 | Immortal | |
103 | 17:34 | Stalker | |
105 | 17:38 | Stalker, Void Ray | |
111 | 18:03 | Protoss Shields Level 2 | |
111 | 18:31 | Stalker | |
107 | 18:35 | Stalker | |
107 | 18:38 | Observer | |
107 | 18:40 | Zealot | |
93 | 18:42 | Observer | |
93 | 18:44 | Zealot | |
85 | 18:52 | Stalker | |
87 | 18:56 | Sentry | |
87 | 19:01 | Zealot | |
91 | 19:05 | Sentry | |
93 | 19:11 | Void Ray | |
93 | 19:15 | Protoss Air Armor Level 2 | |
93 | 19:16 | Probe (Chrono Boost) | |
97 | 19:17 | Stalker | |
97 | 19:21 | Pylon, Zealot | |
86 | 19:25 | Pylon | |
86 | 19:26 | Zealot | |
86 | 19:28 | Nexus | |
86 | 19:30 | Zealot | |
71 | 19:36 | Immortal | |
71 | 19:38 | Probe (Chrono Boost) | |
68 | 19:42 | Zealot | |
68 | 19:44 | Probe (Chrono Boost) | |
67 | 19:46 | Zealot | |
67 | 19:48 | Probe (Chrono Boost) | |
67 | 19:50 | Zealot | |
67 | 19:51 | Probe (Chrono Boost) | |
55 | 19:55 | Zealot | |
55 | 19:56 | Probe (Chrono Boost) | |
55 | 19:59 | Probe (Chrono Boost) | |
50 | 20:02 | Zealot, Probe (Chrono Boost) | |
50 | 20:06 | Zealot | |
44 | 20:08 | Probe (Chrono Boost) | |
44 | 20:10 | Probe (Chrono Boost), Zealot | |
48 | 20:14 | Probe (Chrono Boost) | |
48 | 20:15 | Stalker | |
48 | 20:19 | Probe (Chrono Boost) | |
51 | 20:22 | Sentry, Probe (Chrono Boost) | |
51 | 20:25 | Warp Prism | |
51 | 20:26 | Probe (Chrono Boost), Zealot | |
42 | 20:31 | Zealot, Probe (Chrono Boost) | |
42 | 20:34 | Probe (Chrono Boost) | |
33 | 20:36 | Void Ray | |
33 | 20:37 | Probe (Chrono Boost) | |
33 | 20:42 | Probe (Chrono Boost) | |
28 | 20:43 | Probe (Chrono Boost) | |
28 | 20:45 | Stalker | |
28 | 20:46 | Probe (Chrono Boost) | |
24 | 20:53 | Sentry, Probe (Chrono Boost) | |
24 | 20:55 | Probe (Chrono Boost) | |
24 | 20:58 | Pylon | |
24 | 20:59 | Probe (Chrono Boost) | |
24 | 21:00 | Stalker, Observer | |
24 | 21:04 | Probe (Chrono Boost) | |
24 | 21:07 | Probe (Chrono Boost), Zealot | |
24 | 21:09 | Nexus | |
27 | 21:12 | Probe (Chrono Boost) | |
27 | 21:16 | Probe (Chrono Boost) | |
23 | 21:19 | Pylon, Probe (Chrono Boost) | |
23 | 21:20 | Pylon | |
23 | 21:21 | Observer | |
23 | 21:22 | Stalker | |
23 | 21:24 | Probe (Chrono Boost) | |
22 | 21:28 | Probe (Chrono Boost) | |
22 | 21:29 | Stalker | |
22 | 21:30 | Probe (Chrono Boost) | |
22 | 21:36 | Probe (Chrono Boost) | |
22 | 21:37 | Adept | |
19 | 21:40 | Probe (Chrono Boost), Gateway | |
19 | 21:41 | Probe (Chrono Boost) | |
19 | 21:43 | Templar Archives | |
19 | 21:44 | Adept | |
24 | 21:47 | Probe (Chrono Boost) | |
24 | 21:48 | Assimilator | |